AoeStats
← BenJames

Highland

504148546Analyzed
3v3 RM · 27d ago on Sep 4, 2026· 105m 55s· 6 players
Game mode
Random Map
Map size
Normal (6 player)
Population
200
Speed
Normal
Resources
Standard
Victory
Conquest
Starting age
Dark Age
Ending age
Imperial Age
RankedLock teamsTeams togetherTeam positionsShared explorationLock speedFull tech treeHidden civsTurbo modeCheats
Victory
Defeat
🇺🇸 Byzantines · United States
1067
+17
🇺🇸 Bohemians · United States
1066
+17
🇲🇽 Franks · Mexico
1044
+18
🇨🇴 Mongols · Colombia
1111
-19
🇦🇷 Huns · Argentina
1109
-19
🇺🇸 Britons · United States
1021
-14
n2844522
5:04 Loom
11:54 Feudal Age
17:33 Castle Age
16:34 Double-Bit Axe
16:30 Horse Collar
20:55 Forging
34:03 Bow Saw
39:43 Chemistry
38:39 Pikeman
43:53 Padded Archer Armor
45:13 Fletching
48:58 Leather Archer Armor
49:35 Bodkin Arrow
49:04 Elite Skirmisher
51:38 Scale Mail Armor
51:42 Squires
52:53 Wheelbarrow
53:28 Heavy Plow
53:52 Chain Mail Armor
56:07 Hand Cart
59:20 Imperial Age
57:53 Caravan
58:32 Iron Casting
58:47 Arson
59:22 Halberdier
61:25 Plate Mail Armor
61:56 Blast Furnace
62:11 Ring Archer Armor
62:12 Medium Warships
63:24 Two-Man Saw
61:52 Capped Ram
64:54 Houfnice
65:58 Bracer
70:17 Wagenburg Tactics
74:02 Conscription
75:01 Masonry
75:08 Masonry
75:48 Ballistics
94:41 Town Watch
103:38 Architecture
miraclemax911
7:14 Loom
14:09 Feudal Age
14:56 Double-Bit Axe
14:57 Fishing Lines
19:08 Castle Age
17:19 Fletching
17:29 Padded Archer Armor
20:22 Bodkin Arrow
21:56 Wheelbarrow
23:10 Bow Saw
23:41 Elite Skirmisher
24:21 Horse Collar
27:11 Ballistics
31:44 Imperial Age
30:15 Hand Cart
31:32 Forging
31:27 Scale Barding Armor
32:27 Scale Barding Armor
33:22 Bracer
33:42 Leather Archer Armor
34:21 Heavy Plow
36:50 Chemistry
37:13 Two-Man Saw
37:34 Iron Casting
43:23 Chain Barding Armor
43:20 Gold Mining
47:30 Plate Barding Armor
47:08 Thumb Ring
53:39 Scale Mail Armor
53:38 Pikeman
54:18 Squires
54:37 Chain Mail Armor
56:09 Halberdier
65:45 Caravan
67:21 Plate Mail Armor
73:08 Medium Warships
75:28 Careening
78:05 Heavy Warships
82:33 Conscription
85:17 Ring Archer Armor
87:37 Dry Dock
102:44 Dry Dock
diego.servf
7:30 Loom
11:54 Feudal Age
15:55 Castle Age
17:29 Double-Bit Axe
20:15 Pikeman
21:22 Medium Warships
21:15 Demolition Ship
27:00 Forging
28:38 Iron Casting
28:04 Scale Mail Armor
28:31 Squires
28:16 Gambesons
29:29 Gold Mining
30:58 Town Watch
34:31 Imperial Age
32:52 Chain Mail Armor
32:46 Scale Barding Armor
34:28 Gold Shaft Mining
34:50 Wheelbarrow
34:20 Town Patrol
36:28 Chemistry
35:56 Bow Saw
35:29 Halberdier
35:43 Cavalier
37:04 Heavy Warships
37:13 Husbandry
37:42 Paladin
39:25 Hand Cart
40:56 Fishing Lines
45:44 Blast Furnace
45:05 Chain Barding Armor
45:16 Plate Mail Armor
45:55 Caravan
50:37 Light Cavalry
55:39 Elite Skirmisher
57:48 Arson
63:53 Fletching
64:04 Padded Archer Armor
64:42 Plate Barding Armor
65:14 Bodkin Arrow
65:34 Leather Archer Armor
69:56 Ballistics
92:30 Crossbowman
Batkon
11:40 Feudal Age
12:56 Wheelbarrow
12:17 Double-Bit Axe
13:00 Horse Collar
13:37 Loom
16:14 Castle Age
15:02 Stone Mining
15:09 Fletching
20:19 Gold Mining
22:11 Bow Saw
21:50 Fishing Lines
23:00 Gillnets
25:45 Man-at-Arms
26:24 Bodkin Arrow
26:42 Forging
27:17 Padded Archer Armor
28:06 Gold Shaft Mining
27:29 Long Swordsman
27:56 Gambesons
30:40 Iron Casting
30:06 Scale Mail Armor
34:05 Imperial Age
31:52 Town Watch
32:23 Hand Cart
32:50 Arson
33:35 Pikeman
34:18 Squires
34:41 Halberdier
36:02 Two-Handed Swordsman
37:01 Siphons
37:31 Champion
40:44 Chain Mail Armor
42:15 Blast Furnace
42:26 Medium Warships
43:17 Plate Mail Armor
44:57 Two-Man Saw
44:40 Bracer
45:02 Yeomen
46:19 Leather Archer Armor
47:30 Ring Archer Armor
47:49 Ballistics
48:19 Elite Longbowman
51:53 Chemistry
57:30 Heavy Warships
63:08 Light Cavalry
65:48 Scale Barding Armor
66:08 Guilds
74:36 Hoardings
76:46 Careening
81:55 Heavy Plow
104:20 Elite Skirmisher
105:13 Treadmill Crane
BenJames
5:20 Loom
12:01 Feudal Age
16:18 Castle Age
15:26 Double-Bit Axe
16:24 Forging
20:01 Bloodlines
21:57 Husbandry
26:27 Horse Collar
27:59 Scale Barding Armor
28:30 Iron Casting
31:09 Fletching
33:05 Wheelbarrow
32:40 Heavy Plow
33:48 Chain Barding Armor
33:56 Gold Mining
34:22 Bow Saw
37:56 Imperial Age
35:55 Bodkin Arrow
36:29 Town Watch
38:11 Elite Steppe Lancer
40:04 Hand Cart
43:44 Blast Furnace
44:30 Heavy Cavalry Archer
48:39 Padded Archer Armor
51:01 Thumb Ring
56:40 Ballistics
57:22 Chemistry
58:10 Bracer
61:06 Leather Archer Armor
63:26 Parthian Tactics
68:15 Elite Skirmisher
98:19 Caravan
101:57 Light Cavalry
mirko_jcc
3:38 Loom
11:51 Feudal Age
12:19 Double-Bit Axe
12:26 Horse Collar
22:20 Castle Age
20:55 Gold Mining
20:58 Stone Mining
22:22 Scale Barding Armor
22:48 Bloodlines
22:53 Forging
22:37 Fletching
23:21 Bow Saw
25:05 Gold Shaft Mining
24:33 Heavy Plow
25:07 Town Watch
25:50 Chain Barding Armor
27:22 Wheelbarrow
26:59 Husbandry
29:30 Iron Casting
30:42 Hand Cart
33:30 Bodkin Arrow
35:50 Padded Archer Armor
36:30 Ballistics
36:58 Masonry
37:05 Leather Archer Armor
40:02 Imperial Age
37:48 Town Patrol
37:23 Light Cavalry
38:05 Scale Mail Armor
39:14 Chain Mail Armor
39:01 Squires
39:07 Thumb Ring
39:01 Murder Holes
40:03 Elite Skirmisher
41:09 Parthian Tactics
40:09 Cavalier
41:26 Plate Barding Armor
41:54 Two-Man Saw
40:57 Bracer
42:02 Chemistry
41:39 Capped Ram
42:43 Conscription
44:02 Blast Furnace
42:26 Heavy Cavalry Archer
42:43 Siege Ram
45:01 Paladin
45:55 Hussar
51:34 Pikeman
59:01 Arson
62:44 Caravan
65:43 Guilds
74:37 Halberdier
Connection lost

Rejoining the realm…

Still unreachable

The connection could not be restored.

Session expired

The server has moved on; the page needs a fresh start.